 Dungeon Crawl Stone Soup version 0.28-a0-1382-g92835e5c71 (webtiles) character file.

Game seed: 12028992707596960762

4 wakim the Magician (level 1, 0/16 HPs)
             Began as a Djinni Fire Elementalist on Jan 1, 2022.
             Slain by a quokka (1 damage)
             ... on level 1 of the Dungeon.
             The game lasted 00:01:44 (481 turns).

wakim the Magician (Djinni Fire Elementalist)        Turns: 481, Time: 00:01:45

Health: 0/16       AC:  2    Str:  7    XL:     1   Next: 66%
Gold:   23         EV: 12    Int: 16    God:
                   SH:  0    Dex: 13

rFire   + + .      SeeInvis .   (no weapon)
rCold   x . .      Faith    .   (no shield)
rNeg    . . .      Spirit   .   a - +0 robe
rPois   ∞          Reflect  .   (no helmet)
rElec   .          Harm     .   (no cloak)
rCorr   .          Rampage  .   (no gloves)
Will    .....                   (boots unavailable)
Stlth   ++........              (no amulet)
HPRegen 0.05/turn               (no ring)
MPRegen 0.00/turn               (no ring)

@: flying
A: sickness immunity, fire resistance 2, cold vulnerability 1, float, innate
caster, hp casting, extra vitality 1
a: no special abilities


You were on level 1 of the Dungeon.
You visited 1 branch of the dungeon, and saw 1 of its levels.

You collected 23 gold pieces.

Inventory:

Armour
 a - a +0 robe (worn)
Scrolls
 b - a scroll of teleportation {unknown}


   Skills:
 + Level 0.6 Fighting
 - Level 2.1 Dodging
 - Level 1.5 Stealth
 + Level 2.5 Spellcasting


You couldn't memorise any spells.
You knew the following spells:

 Your Spells              Type           Power      Damage    Failure   Level
a - Foxfire               Conj/Fire      40%        2x1d6     7%          1
b - Scorch                Fire           20%        2d6       11%         2
c - Inner Flame           Hex/Fire       10%        N/A       22%         3
d - Conjure Flame         Conj/Fire      10%        6-21      22%         3
e - Flame Wave            Conj/Fire      10%        2d5       56%         4
Your spell library was empty.

Dungeon Overview and Level Annotations

Branches:
Dungeon (1/15)

Altars:


Innate Abilities, Weirdness & Mutations

You are immune to sickness and miasma.
You are immune to poison.
Your flesh is very heat resistant. (rF++)
You are vulnerable to cold. (rC-)
You float through the air rather than walking.
You learn spells naturally, not from books.
Your magical power is your life essence.
You have superior vitality. (+4 MHP)


Message History

You conjure some foxfire!
The foxfire hits the quokka.
The quokka is severely wounded.
The foxfire hits the quokka but does no damage.
The quokka is severely wounded.
Your foxfire dissipates!
The quokka bites you. The quokka misses you.
You are too injured to fight recklessly!
Casting: Foxfire (safe; 7% risk of failure)
Confirm with . or Enter, or press ? or * to list all spells.
You conjure some foxfire!
* * * LOW HITPOINT WARNING * * *
The quokka bites you.
* * * LOW HITPOINT WARNING * * *
Casting: Foxfire (safe; 7% risk of failure)
Confirm with . or Enter, or press ? or * to list all spells.
There is not enough space to conjure foxfire!
Your foxfire dissipates!
The quokka closely misses you. The quokka closely misses you.
Casting: Foxfire (safe; 7% risk of failure)
Confirm with . or Enter, or press ? or * to list all spells.
You conjure some foxfire!
* * * LOW HITPOINT WARNING * * *
The quokka bites you.
* * * LOW HITPOINT WARNING * * *
Your foxfire dissipates!
The foxfire hits the quokka.
The quokka is almost dead.
Casting: Foxfire (safe; 7% risk of failure)
Confirm with . or Enter, or press ? or * to list all spells.
You conjure some foxfire!
* * * LOW HITPOINT WARNING * * *
The quokka closely misses you.
The foxfire hits the quokka but does no damage.
The quokka is almost dead.
The foxfire hits the quokka but does no damage.
The quokka is almost dead.
The quokka bites you.
You die...

≈≈≈≈≈...+.# #.#[###
#####..######.#...#
♣PP♣♣..#.######......#
#####..##.#
####..###.#
≈≈≈≈≈...'.# #.....# .#
########### #.##..#
#.##..... #.##.....(.
#.##.......


You could see a quokka.

Vanquished Creatures
  A hobgoblin (D:1)
  3 ball pythons (D:1)
  A rat (D:1)
5 creatures vanquished.

Vanquished Creatures (others)
  27 foxfires (D:1)
27 creatures vanquished.

Grand Total: 32 creatures vanquished

Notes
Turn   | Place    | Note
-------+----------+-------------------------------------------
     0 | D:1      | wakim the Djinni Fire Elementalist began the quest for the
                  | Orb.
     0 | D:1      | Reached XP level 1. HP: 15/15 MP: 0/0
   481 | D:1      | Slain by a quokka

Illustrated notes

Levels and vault maps discovered:
D:1:      tarquinn_simple_flora_water_b, layout_loops_ring, minmay_ruptured

Action                   || total
-------------------------++-------
 Cast: Foxfire           ||    21
Dodge: Dodged            ||     4

Table legend: (Time is in decaauts)
 A = Elapsed time spent in this place.
 B = Non-inter-level travel time spent in this place.
 C = Inter-level travel time spent in this place.
 D = Time resting spent in this place.
 E = Time spent auto-exploring this place.
 F = Levels seen in this place.
 G = Mean time per level.
                   A        B        C        D        E       F      G
               +--------+--------+--------+--------+--------+-----+--------+
         Total |    481 |    481 |      0 |      0 |    339 |   1 |  481.0 |
       Dungeon |    481 |    481 |      0 |      0 |    339 |   1 |  481.0 |
               +--------+--------+--------+--------+--------+-----+--------+

Top non-repeatable levels by time:
     D:1: 481 daAuts
